 Dungeon Sprint DCSS version 0.24-a0-312-g16217b4a02 (webtiles) character file.

Game seed: 12096604010351517735

4200000 Hercules1031 the Intangible (level 17, -37/104 HPs)
             Began as a Felid Warper on May 15, 2019.
             Was a High Priest of Makhleb.
             Annihilated by a large bag of meat
             ... wielding a +9 giant spiked club
              (83 damage)
             ... in the Dungeon (Sprint VIII: "Arena of Blood").
             The game lasted 00:01:47 (42 turns).

Hercules1031 the Intangible (Felid Warper)            Turns: 42, Time: 00:01:49

Health: -37/104    AC:  3    Str:  7    XL:     17   Next: 87%
Magic:  49/49      EV: 42    Int: 16    God:    Makhleb [*****.]
Gold:   0          SH:  0    Dex: 22    Spells: 70/70 levels left
                                        Lives:  0   Deaths: 2

rFire    . . .     SeeInvis +     - Unarmed
rCold    + . .     Gourm    .   (shield unavailable)
rNeg     . . .     Faith    .   (armour unavailable)
rPois    .         Spirit   .   (helmet unavailable)
rElec    .         Reflect  .   (cloak unavailable)
rCorr    .         Harm     .   (gloves unavailable)
MR       ++...     NoTele   +   (boots unavailable)
Stlth    +++++++++.             (no amulet)
HPRegen  0.27/turn              a - +27000 ring of slaying
MPRegen  0.31/turn              (no ring)

@: quick
A: very small, no armour, no weapons or thrown items, stealth, claws 1, fangs 3,
see invisible, carnivore, speed 1, shaggy fur 3, slow metabolism 1, sharp paws
a: Minor Destruction, Lesser Servant of Makhleb, Major Destruction, Greater
Servant of Makhleb, Renounce Religion


You were in the Dungeon.
You worshipped Makhleb.
Makhleb was extremely pleased with you.
You were not hungry.

You visited 1 branch

Inventory:

Jewellery
 a - a +27000 ring of slaying (left paw)
Potions
 d - a potion of curing
 e - a potion of heal wounds
 f - a potion of haste
 g - 2 potions of magic
 h - a potion of berserk rage
Comestibles
 c - a ration


   Skills:
 O Level 27 Fighting
 O Level 27 Dodging
 O Level 27 Stealth
 O Level 27 Unarmed Combat
 O Level 27 Spellcasting
   Level 4.4 Translocations
 O Level 27 Invocations


You had 70 spell levels left.
You didn't know any spells.
Your spell library contained the following spells:

 Spells                   Type           Power        Failure   Level  Hunger
 Blink                    Tloc           N/A          1%          2    None
 Shroud of Golubria       Chrm/Tloc      ####......   1%          2    None
 Gell's Gravitas          Tloc           #####.....   1%          3    None
 Lesser Beckoning         Tloc           #####.....   1%          3    None
 Teleport Other           Tloc           #####...     1%          3    None
 Passage of Golubria      Tloc           N/A          2%          4    None


Dungeon Overview and Level Annotations

Branches:
Dungeon (1/1)

Altars:
Makhleb


Innate Abilities, Weirdness & Mutations

You cannot wear armour.
You are incapable of wielding weapons or throwing items.
Your paws allow you to move quietly. (Stealth)
You have sharp claws.
You have razor-sharp teeth.
You have supernaturally acute eyesight. (SInv)
You are carnivorous and can eat meat at any time.
You cover ground quickly.
Your thick and shaggy fur keeps you warm. (AC +3, rC+)
You have a slow metabolism.
Your sharp claws are effective at attacking unaware monsters.


Message History

You hear a shout!
You eviscerate the meat berserker!!!!!!!!!!!
You kill the meat berserker!
Makhleb accepts your kill.
You have mastered Invocations!
You cannot train any new skills!
You hear a shout! x7
You eviscerate the bag of meat!!!!!!!!!!!
You kill the bag of meat!
Makhleb accepts your kill.
The destroyer appears out of thin air!
A destroyer comes into view.
It is wielding a +9 great sword of slicing.
The destroyer shouts!
You hear a shout! x3
A sculptor of flesh comes into view. It is wielding a +9 great sword.
You hear a shout! x5
The large bag of meat hits you with a +9 giant spiked club!!!
Ouch! That really hurt!
The large bag of meat hits you with a +9 giant spiked club!!!!
Ouch! That really hurt!
You die...

#)...O.............#.....
#..o.z....#..............
#..o.o.o.#.#.#...........
#o.O......#.#............
#.o###.O.#.#.#.........
#..o.##o. #.#.....
#...O.#...........
#.V†o..o## ......#
####...O@##.......
####o..V..# ####........
####..... ##.. #


You could see 2 destroyers, a sculptor of flesh (wandering), 2 large bags of
meat, a meat berserker (berserk) and 9 bags of meat.

Vanquished Creatures
  5 ogres (D)
  13 orcs (D)
18 creatures vanquished.

Notes
Turn   | Place    | Note
-------+----------+-------------------------------------------
     0 | D        | Hercules1031 the Felid Warper began the quest for the Orb.
     0 | D        | Reached XP level 1. HP: 9/9 MP: 4/4
     1 | D        | Noticed a bag of meat
     2 | D        | Killed a bag of meat
     2 | D        | Reached XP level 2. HP: 24/24 MP: 4/18
     2 | D        | Reached XP level 3. HP: 27/27 MP: 4/19
     2 | D        | Reached XP level 4. HP: 31/31 MP: 4/21
     2 | D        | Reached XP level 5. HP: 35/35 MP: 4/22
     2 | D        | Gained mutation: You are covered in thick fur. (AC +2)
                  | [Felid growth]
     2 | D        | Reached XP level 6. HP: 39/39 MP: 4/24
     2 | D        | Reached XP level 7. HP: 43/43 MP: 4/25
     2 | D        | Reached XP level 8. HP: 47/47 MP: 4/27
     2 | D        | Reached XP level 9. HP: 51/51 MP: 4/28
     2 | D        | Reached XP level 10. HP: 55/55 MP: 4/29
     2 | D        | Reached XP level 11. HP: 58/58 MP: 4/30
     3 | D        | Noticed a bag of meat
     5 | D        | Became a worshipper of Makhleb the Destroyer
     5 | D        | Noticed a meat berserker
     7 | D        | Noticed a bag of meat
     7 | D        | Noticed a bag of meat
    10 | D        | Killed a bag of meat
    10 | D        | Reached skill level 15 in Unarmed Combat
    10 | D        | Reached skill level 15 in Spellcasting
    10 | D        | Gained mutation: Your thick and shaggy fur keeps you warm.
                  | (AC +3, rC+) [Felid growth]
    10 | D        | Reached XP level 12. HP: 64/64 MP: 5/32
    11 | D        | Killed a meat berserker
    11 | D        | Reached * piety under Makhleb
    11 | D        | Reached XP level 13. HP: 72/72 MP: 5/36
    11 | D        | Reached XP level 14. HP: 76/76 MP: 5/37
    12 | D        | Noticed a bag of meat
    13 | D        | Noticed a meat berserker
    13 | D        | Noticed a bag of meat
    14 | D        | Noticed a bag of meat
    14 | D        | Killed a bag of meat
    14 | D        | Reached skill level 27 in Dodging
    16 | D        | Noticed a meat berserker
    16 | D        | Noticed a meat berserker
    16 | D        | Noticed a bag of meat
    16 | D        | Noticed a bag of meat
    17 | D        | Noticed a bag of meat
    17 | D        | Noticed a bag of meat
    17 | D        | Noticed a bag of meat
    18 | D        | Noticed a bag of meat
    18 | D        | Noticed a bag of meat
    18 | D        | Noticed a bag of meat
    18 | D        | Noticed a meat berserker
    18 | D        | Noticed a bag of meat
    19 | D        | Noticed a bag of meat
    19 | D        | Noticed a bag of meat
    19 | D        | Noticed a bag of meat
    19 | D        | Noticed a bag of meat
    19 | D        | Noticed a meat berserker
    19 | D        | Noticed a meat berserker
    19 | D        | Noticed a large bag of meat
    19 | D        | Noticed a bag of meat
    19 | D        | Noticed a meat berserker
    19 | D        | Noticed a bag of meat
    19 | D        | Noticed a bag of meat
    19 | D        | Noticed a bag of meat
    19 | D        | Noticed a bag of meat
    20 | D        | Noticed a bag of meat
    20 | D        | Noticed a bag of meat
    21 | D        | Killed a bag of meat
    21 | D        | Reached skill level 5 in Stealth
    21 | D        | Reached XP level 15. HP: 84/84 MP: 7/40
    22 | D        | Reached ** piety under Makhleb
    24 | D        | Reached XP level 16. HP: 93/93 MP: 8/44
    25 | D        | Killed a meat berserker
    25 | D        | Reached *** piety under Makhleb
    26 | D        | Noticed a destroyer
    26 | D        | Noticed a large bag of meat
    27 | D        | Noticed a large bag of meat
    27 | D        | Killed a meat berserker
    27 | D        | Reached skill level 27 in Unarmed Combat
    27 | D        | Reached XP level 17. HP: 85/102 MP: 8/48
    28 | D        | Killed a meat berserker
    28 | D        | Reached skill level 27 in Fighting
    28 | D        | Reached skill level 27 in Spellcasting
    29 | D        | Reached **** piety under Makhleb
    29 | D        | Reached skill level 27 in Stealth
    29 | D        | Reached XP level 18. HP: 109/109 MP: 9/50
    31 | D        | Reached skill level 15 in Invocations
    31 | D        | Annihilated by a meat berserker
    31 | D        | Noticed a meat berserker
    32 | D        | Reached XP level 17. HP: -22/104 MP: 9/49
    32 | D        | Noticed a large bag of meat
    32 | D        | Noticed a destroyer
    35 | D        | Reached ***** piety under Makhleb
    35 | D        | Reached XP level 18. HP: 109/109 MP: 50/50
    37 | D        | Annihilated by a destroyer
    38 | D        | Reached XP level 17. HP: -107/104 MP: 49/49
    40 | D        | Killed a meat berserker
    40 | D        | Reached skill level 27 in Invocations
    41 | D        | Noticed a destroyer
    42 | D        | Noticed a sculptor of flesh
    42 | D        | Annihilated by a large bag of meat

Levels and vault maps discovered:
D:        meatsprint

Skill      XL: |  1  2  3  4  5  6  7  8  9 10 11 12 13 14 15 16 17 18 |
---------------+-------------------------------------------------------+-----
Fighting       | 13 14 17 19 22 25 27 | 27.0
Dodging        | 20 23 26 27 | 27.0
Unarmed Combat | 13 15 17 20 23 27 | 27.0
Spellcasting   | 14 15 18 20 23 26 27 | 27.0
Stealth        | 2 4 5 6 9 27 | 27.0
Invocations    | 27 15 | 27.0
Translocations | |  4.4

Action                   |  1- 3 |  4- 6 |  7- 9 | 10-12 | 13-15 | 16-18 || total
-------------------------+-------+-------+-------+-------+-------+-------++-------
Melee: Unarmed           |     1 |       |       |     2 |     5 |    11 ||    19
  Use: Scroll            |       |       |       |       |     2 |       ||     2

Table legend:
 A = Non-vault XP
 B = Vault XP
 C = Vault XP percentage of total XP
 D = Non-vault monster count
 E = Vault monster count
 F = Vault count percentage of total count
                 A         B        C        D         E       F
            +---------+---------+-------+---------+---------+-------
      Total |  171000 |  264080 |  60.7 |       6 |      12 |  66.7
            +---------+---------+-------+---------+---------+-------
          D |  171000 |  264080 |  60.7 |       6 |      12 |  66.7
            +---------+---------+-------+---------+---------+-------
